APP
SEATTLE (APP) MARINERS @ GREAT FALLS VOYAGERS
08/13/2044
 
TOP OF THE 1ST
Seattle (APP) Mariners batting - Pitching for Great Falls Voyagers : RHP Andy Gibson
Pitching: RHP Andy Gibson
Batting: SHB Tony Morales 0-0: Foul Ball, location: 2F
0-1: Ball
1-1: Foul Ball, location: 2F
1-2: Strikes out swinging
Batting: RHB Mike Conaway 0-0: Ball
1-0: Ground out 4-3 (Groundball, 34, EV 100.6 MPH)
Batting: LHB Omar Colunga 0-0: Swinging Strike
0-1: Ball
1-1: Foul Ball, location: 2F
1-2: Foul Ball, location: 2F
1-2: SINGLE (Line Drive, 7S, EV 104.4 MPH)
Batting: RHB Chris Olheiser 0-0: Ball
1-0: Foul Ball, location: 2F
1-1: Ball
2-1: Foul Ball, location: 2F
2-2: Ball
3-2: Foul Ball, location: 2F
3-2: Strikes out looking
Top of the 1st over - 0 runs, 1 hit, 0 errors, 1 left on base; Seattle (APP) 0 - Great Falls 0
BOTTOM OF THE 1ST
Great Falls Voyagers batting - Pitching for Seattle (APP) Mariners : RHP Ian Gaines
Pitching: RHP Ian Gaines
Batting: RHB Andy Cotton 0-0: Ball
1-0: Called Strike
1-1: Swinging Strike
1-2: Foul Ball, location: 2F
1-2: Ball
2-2: Foul Ball, location: 2F
2-2: Foul Ball, location: 2F
2-2: Strikes out swinging
Batting: RHB Duncan Collins 0-0: Ball
1-0: Called Strike
1-1: Ball
2-1: Ball
3-1: Base on Balls
Batting: LHB Carlos Ramirez 0-0: Ball
1-0: DOUBLE (Groundball, 3L, EV 95.6 MPH)
Duncan Collins to third
Batting: RHB Vic Lucatero 0-0: Swinging Strike
0-1: SINGLE (Line Drive, 4MD, EV 96.2 MPH)
Duncan Collins scores
Carlos Ramirez to third
Runner from 3rd tries for Home, throw by CF and OUT! 8-2
Batting: RHB Josh Newby 0-0: Called Strike
0-1: Ball
1-1: Swinging Strike
1-2: 2-RUN HOME RUN (Flyball, 7LD, EV 93.8 MPH), Distance : 346 ft
Batting: RHB Kasey Bland 0-0: Called Strike
0-1: Ball
1-1: Called Strike
1-2: Ball
2-2: Ground out 6-3 (Groundball, 6, EV 106.2 MPH)
Bottom of the 1st over - 3 runs, 3 hits, 0 errors, 0 left on base; Seattle (APP) 0 - Great Falls 3
TOP OF THE 2ND
Seattle (APP) Mariners batting - Pitching for Great Falls Voyagers : RHP Andy Gibson
Batting: RHB Ivan Davila 0-0: Ball
1-0: Ball
2-0: Called Strike
2-1: Swinging Strike
2-2: Foul Ball, location: 2F
2-2: Ball
3-2: Base on Balls
Batting: RHB Chris Van Niel 0-0: Foul Ball, location: 2F
0-1: Fielders Choice at 2nd, 6-4 (Groundball, 6, EV 88.1 MPH)
Batting: RHB Omar Solis 0-0: Called Strike
0-1: Fly out, F8 (Flyball, 8LS, EV 83.1 MPH)
Batting: RHB John Vasquez 0-0: Called Strike
0-1: Ball
1-1: Ball
2-1: Foul Ball, location: 2F
2-2: Fielders Choice at 2nd, 6-4 (Groundball, 6, EV 82.5 MPH)
Top of the 2nd over - 0 runs, 0 hits, 0 errors, 1 left on base; Seattle (APP) 0 - Great Falls 3
BOTTOM OF THE 2ND
Great Falls Voyagers batting - Pitching for Seattle (APP) Mariners : RHP Ian Gaines
Batting: SHB Jose Romo 0-0: Ball
1-0: Ball
2-0: Foul Ball, location: 2F
2-1: Foul Ball, location: 2F
2-2: Hit by Pitch
Batting: RHB Billy Grubbs 0-0: Called Strike
Jose Romo steals 2nd base
0-1: Swinging Strike
0-2: Ground out 1-3 (Groundball, 15S, EV 63.8 MPH)
Batting: RHB Tommy Ellington 0-0: Ball
1-0: Swinging Strike
1-1: Swinging Strike
1-2: Foul Ball, location: 2F
1-2: Ball
2-2: Ball
3-2: Strikes out swinging
Batting: RHB Andy Cotton 0-0: Called Strike
0-1: Fly out, F6 (Popup, 4MS, EV 70.0 MPH)
Bottom of the 2nd over - 0 runs, 0 hits, 0 errors, 1 left on base; Seattle (APP) 0 - Great Falls 3
TOP OF THE 3RD
Seattle (APP) Mariners batting - Pitching for Great Falls Voyagers : RHP Andy Gibson
Batting: RHB Houston Brock 0-0: Ground out 5-3 (Groundball, 5, EV 86.2 MPH)
Batting: SHB Tony Morales 0-0: Ball
1-0: Foul Ball, location: 2F
1-1: Called Strike
1-2: Fly out, F8 (Line Drive, 8LM, EV 87.5 MPH)
Batting: RHB Mike Conaway 0-0: Foul Ball, location: 2F
0-1: Called Strike
0-2: Strikes out swinging
Top of the 3rd over - 0 runs, 0 hits, 0 errors, 0 left on base; Seattle (APP) 0 - Great Falls 3
BOTTOM OF THE 3RD
Great Falls Voyagers batting - Pitching for Seattle (APP) Mariners : RHP Ian Gaines
Batting: RHB Duncan Collins 0-0: Swinging Strike
0-1: Swinging Strike
0-2: Foul Ball, location: 2F
0-2: Ball
1-2: Foul Ball, location: 2F
1-2: Strikes out swinging
Batting: LHB Carlos Ramirez 0-0: Called Strike
0-1: Foul Ball, location: 2F
0-2: Ball
1-2: Ball
2-2: Ball
3-2: Foul Ball, location: 2F
3-2: SINGLE (Groundball, 34D, EV 96.9 MPH)
Batting: RHB Vic Lucatero 0-0: Ball
1-0: Called Strike
1-1: Swinging Strike
1-2: Strikes out swinging
Batting: RHB Josh Newby 0-0: Called Strike
0-1: Ball
Carlos Ramirez is caught stealing 2nd base 2-4
Bottom of the 3rd over - 0 runs, 1 hit, 0 errors, 0 left on base; Seattle (APP) 0 - Great Falls 3
TOP OF THE 4TH
Seattle (APP) Mariners batting - Pitching for Great Falls Voyagers : RHP Andy Gibson
Batting: LHB Omar Colunga 0-0: Ground out 4-3 (Groundball, 34, EV 87.5 MPH)
Batting: RHB Chris Olheiser 0-0: Ball
1-0: Ball
2-0: Called Strike
2-1: Ball
3-1: Ground out U3 (Groundball, 3, EV 82.5 MPH)
Batting: RHB Ivan Davila 0-0: Swinging Strike
0-1: Ball
1-1: Ball
2-1: Swinging Strike
2-2: Strikes out looking
Top of the 4th over - 0 runs, 0 hits, 0 errors, 0 left on base; Seattle (APP) 0 - Great Falls 3
BOTTOM OF THE 4TH
Great Falls Voyagers batting - Pitching for Seattle (APP) Mariners : RHP Ian Gaines
Batting: RHB Josh Newby 0-0: SINGLE (Groundball, 56D, EV 96.2 MPH)
Batting: RHB Kasey Bland 0-0: Ball
1-0: Ball
2-0: Called Strike
2-1: SINGLE (Groundball, 4MD, EV 97.5 MPH)
Josh Newby to second
Batting: SHB Jose Romo 0-0: Ball
1-0: Foul Ball, location: 2F
1-1: Swinging Strike
1-2: Fielders Choice at 2nd, 3-6 (Groundball, 34D, EV 90.6 MPH)
Josh Newby to third
Batting: RHB Billy Grubbs 0-0: Ball
Jose Romo is caught stealing 2nd base 2-4
1-0: Ball
2-0: 2-RUN HOME RUN (Flyball, 7D, EV 93.1 MPH), Distance : 371 ft
Batting: RHB Tommy Ellington 0-0: Ball
1-0: Ball
2-0: Ball
3-0: Called Strike
3-1: Base on Balls
Batting: RHB Andy Cotton 0-0: Called Strike
0-1: Called Strike
0-2: Strikes out swinging
Bottom of the 4th over - 2 runs, 3 hits, 0 errors, 1 left on base; Seattle (APP) 0 - Great Falls 5
TOP OF THE 5TH
Seattle (APP) Mariners batting - Pitching for Great Falls Voyagers : RHP Andy Gibson
Batting: RHB Chris Van Niel 0-0: Called Strike
0-1: Foul Ball, location: 2F
0-2: Ball
1-2: Foul Ball, location: 2F
1-2: DOUBLE (Line Drive, 9LD, EV 108.1 MPH)
Batting: RHB Omar Solis 0-0: Called Strike
Chris Van Niel steals 3rd base
0-1: Ball
1-1: Foul Ball, location: 2F
1-2: Foul Ball, location: 2F
1-2: Strikes out looking
Batting: RHB John Vasquez 0-0: Fly out, F8 (Flyball, 78S, EV 95.0 MPH)
Batting: RHB Houston Brock 0-0: Foul Ball, location: 2F
0-1: Foul Ball, location: 2F
0-2: Strikes out looking
Top of the 5th over - 0 runs, 1 hit, 0 errors, 1 left on base; Seattle (APP) 0 - Great Falls 5
BOTTOM OF THE 5TH
Great Falls Voyagers batting - Pitching for Seattle (APP) Mariners : RHP Ian Gaines
Batting: RHB Duncan Collins 0-0: Called Strike
0-1: Ball
1-1: Foul Ball, location: 2F
1-2: Hit by Pitch
Batting: LHB Carlos Ramirez 0-0: Ball
1-0: Called Strike
1-1: Ball
2-1: Ball
3-1: Called Strike
3-2: SINGLE (Line Drive, 8LS, EV 106.2 MPH)
Duncan Collins to second
Batting: RHB Vic Lucatero 0-0: Ball
1-0: Called Strike
1-1: Ball
2-1: Ball
3-1: Foul Ball, location: 2F
3-2: SINGLE (Groundball, 34D, EV 105.0 MPH) (infield hit)
Duncan Collins to third
Carlos Ramirez to second
Batting: RHB Josh Newby 0-0: Ball
1-0: Ball
2-0: Foul Ball, location: 2F
2-1: Ball
3-1: Base on Balls
Duncan Collins scores
Carlos Ramirez to third
Vic Lucatero to second
Pitching: RHP Jose Rios
Batting: RHB Kasey Bland 0-0: Called Strike
0-1: Ball
1-1: Ball
2-1: DOUBLE (Line Drive, 7LM, EV 97.5 MPH)
Carlos Ramirez scores
Vic Lucatero scores
Josh Newby to third
Batting: SHB Jose Romo 0-0: Ball
1-0: Fly out, F4 (Popup, 3D, EV 72.5 MPH)
Batting: RHB Billy Grubbs 0-0: Ball
1-0: Foul Ball, location: 2F
1-1: Ball
2-1: Ball
3-1: Foul Ball, location: 2F
3-2: Base on Balls
Batting: RHB Tommy Ellington 0-0: Called Strike
0-1: Swinging Strike
0-2: Strikes out swinging
Batting: RHB Andy Cotton 0-0: Ball
1-0: SINGLE (Flyball, 4D, EV 90.6 MPH)
Josh Newby scores
Kasey Bland to third
Billy Grubbs to second
Runner from 3rd tries for Home, SAFE, throw by CF to home
Batting: RHB Duncan Collins 0-0: Ground out 4-3 (Groundball, 4, EV 86.2 MPH)
Bottom of the 5th over - 5 runs, 4 hits, 0 errors, 2 left on base; Seattle (APP) 0 - Great Falls 10
TOP OF THE 6TH
Seattle (APP) Mariners batting - Pitching for Great Falls Voyagers : RHP Andy Gibson
Batting: SHB Tony Morales 0-0: Called Strike
0-1: Ball
1-1: Called Strike
1-2: Ball
2-2: Fly out, F9 (Flyball, 9S, EV 90.0 MPH)
Batting: RHB Mike Conaway 0-0: Ball
1-0: Foul Ball, location: 2F
1-1: Ball
2-1: Ball
3-1: DOUBLE (Line Drive, 89D, EV 111.9 MPH)
Batting: LHB Omar Colunga 0-0: Ground out 6-3 (Groundball, 4M, EV 103.8 MPH)
Mike Conaway to third
Batting: RHB Chris Olheiser 0-0: Called Strike
0-1: Ball
1-1: Ball
2-1: Called Strike
2-2: Ball
3-2: Base on Balls
Batting: RHB Ivan Davila 0-0: SINGLE (Line Drive, 56D, EV 103.8 MPH)
Mike Conaway scores
Chris Olheiser to second
Pitching: RHP Brian Wesolek
Batting: RHB Chris Van Niel 0-0: Ball
1-0: Fly out, F1 (Line Drive, P, EV 70.6 MPH)
Top of the 6th over - 1 run, 2 hits, 0 errors, 2 left on base; Seattle (APP) 1 - Great Falls 10
BOTTOM OF THE 6TH
Great Falls Voyagers batting - Pitching for Seattle (APP) Mariners : RHP Jose Rios
Batting: LHB Carlos Ramirez 0-0: Ball
1-0: Called Strike
1-1: Foul Ball, location: 2F
1-2: Ball
2-2: Ball
3-2: Base on Balls
Batting: RHB Vic Lucatero 0-0: Foul Ball, location: 2F
0-1: Called Strike
0-2: Ball
1-2: Foul Ball, location: 2F
1-2: Foul Ball, location: 2F
1-2: Ball
2-2: Ground out 5-3 (Groundball, 56S, EV 72.5 MPH)
Carlos Ramirez to second
Pitching: RHP Willie Sanchez
Batting: RHB Josh Newby 0-0: Fly out, F9 (Flyball, 9, EV 84.4 MPH)
Batting: RHB Kasey Bland 0-0: Fly out, F7 (Flyball, 7LM, EV 99.4 MPH)
Bottom of the 6th over - 0 runs, 0 hits, 0 errors, 1 left on base; Seattle (APP) 1 - Great Falls 10
TOP OF THE 7TH
Seattle (APP) Mariners batting - Pitching for Great Falls Voyagers : RHP Brian Wesolek
Batting: RHB Omar Solis 0-0: Ground out 5-3 (Groundball, 5S, EV 86.2 MPH)
Batting: RHB John Vasquez 0-0: Foul Ball, location: 2F
0-1: Ball
1-1: Foul Ball, location: 2F
1-2: Strikes out swinging
Batting: RHB Houston Brock 0-0: Called Strike
0-1: Ball
1-1: Ground out 4-3 (Groundball, 4, EV 105.0 MPH)
Top of the 7th over - 0 runs, 0 hits, 0 errors, 0 left on base; Seattle (APP) 1 - Great Falls 10
BOTTOM OF THE 7TH
Great Falls Voyagers batting - Pitching for Seattle (APP) Mariners : RHP Willie Sanchez
Batting: SHB Jose Romo 0-0: Foul Ball, location: 2F
0-1: Ball
1-1: Ball
2-1: Ball
3-1: Fly out, F9 (Flyball, 9S, EV 88.8 MPH)
Batting: RHB Billy Grubbs 0-0: Ball
1-0: Foul Ball, location: 2F
1-1: Foul Ball, location: 2F
1-2: Ball
2-2: Foul Ball, location: 2F
2-2: Strikes out swinging
Batting: RHB Tommy Ellington 0-0: Ball
1-0: Ball
2-0: Foul Ball, location: 2F
2-1: Called Strike
2-2: Ball
3-2: Base on Balls
Batting: RHB Andy Cotton 0-0: Called Strike
0-1: Called Strike
0-2: Ball
1-2: Fly out, F3 (Popup, 34S, EV 71.2 MPH)
Bottom of the 7th over - 0 runs, 0 hits, 0 errors, 1 left on base; Seattle (APP) 1 - Great Falls 10
TOP OF THE 8TH
Seattle (APP) Mariners batting - Pitching for Great Falls Voyagers : RHP Brian Wesolek
Batting: SHB Tony Morales 0-0: Ball
1-0: Ball
2-0: Called Strike
2-1: SINGLE (Groundball, 56D, EV 97.5 MPH)
Batting: RHB Mike Conaway 0-0: Ball
1-0: Fielders Choice at 2nd, 6-4 (Groundball, 6, EV 85.0 MPH)
Batting: LHB Omar Colunga 0-0: Called Strike
0-1: SINGLE (Line Drive, 89S, EV 106.2 MPH)
Mike Conaway to second
Batting: RHB Chris Olheiser 0-0: Ball
1-0: Called Strike
1-1: Ball
2-1: Ball
3-1: Called Strike
3-2: Base on Balls
Mike Conaway to third
Omar Colunga to second
Pinch Hitting: SHB Fernando Jasso 0-0: Grounds into fielders choice 1-2 (Groundball, 34S, EV 66.9 MPH)
Omar Colunga to third
Chris Olheiser to second
Pinch Hitting: RHB Tze-meng Li 0-0: Swinging Strike
0-1: Ball
1-1: Ball
2-1: Called Strike
2-2: Foul Ball, location: 2F
2-2: Foul Ball, location: 2F
2-2: Fielders Choice at 2nd, 5-4 (Groundball, 5, EV 108.8 MPH)
Top of the 8th over - 0 runs, 2 hits, 0 errors, 3 left on base; Seattle (APP) 1 - Great Falls 10
BOTTOM OF THE 8TH
Great Falls Voyagers batting - Pitching for Seattle (APP) Mariners : RHP Willie Sanchez
Now at 1B: Fernando Jasso
Now at 3B: Tze-meng Li
Batting: LHB Josh Pittman 0-0: Swinging Strike
0-1: Ball
1-1: Called Strike
1-2: Strikes out swinging
Pitching: LHP Ed Gilroy
Batting: LHB Carlos Ramirez 0-0: Swinging Strike
0-1: Ball
1-1: Called Strike
1-2: Strikes out swinging
Batting: RHB Vic Lucatero 0-0: Swinging Strike
0-1: Ball
1-1: Swinging Strike
1-2: Strikes out swinging
Bottom of the 8th over - 0 runs, 0 hits, 0 errors, 0 left on base; Seattle (APP) 1 - Great Falls 10
TOP OF THE 9TH
Seattle (APP) Mariners batting - Pitching for Great Falls Voyagers : RHP Brian Wesolek
Batting: RHB Omar Solis 0-0: Called Strike
0-1: DOUBLE (Line Drive, 78M, EV 106.2 MPH)
Pitching: LHP Matt Donnelly
Batting: RHB John Vasquez 0-0: Called Strike
0-1: Ball
1-1: Foul Ball, location: 2F
1-2: SINGLE (Line Drive, 89S, EV 105.6 MPH)
Omar Solis to third
Batting: RHB Houston Brock
Pinch Hitting: SHB Carlos Luna 0-0: Called Strike
0-1: Ball
1-1: Ball
2-1: Swinging Strike
2-2: Strikes out swinging
Batting: SHB Tony Morales 0-0: Ball
1-0: Called Strike
1-1: Ball
2-1: Foul Ball, location: 2F
2-2: Foul Ball, location: 2F
2-2: Strikes out swinging
Batting: RHB Mike Conaway 0-0: Ball
1-0: Ball
2-0: Swinging Strike
2-1: Swinging Strike
2-2: Strikes out swinging
Top of the 9th over - 0 runs, 2 hits, 0 errors, 2 left on base; Seattle (APP) 1 - Great Falls 10
Thursday, March 31st , 2022 - OOTP Baseball 22.12 Build 89